AAA
NEW YORK COMETS @ OTTAWA BEAVERS
08/18/2059
 
TOP OF THE 1ST
New York Comets batting - Pitching for Ottawa Beavers : RHP Sidney Veisflog
Pitching: RHP Sidney Veisflog
Batting: SHB Drake Stock 0-0: Called Strike
0-1: Foul Ball, location: 2F
0-2: Ball
1-2: Strikes out looking
Batting: LHB Morgan Buga 0-0: Called Strike
0-1: Ball
1-1: Ball
2-1: Fly out, F9 (Flyball, 9LM, EV 80.6 MPH)
Batting: RHB Mason Douglass 0-0: Ball
1-0: Ball
2-0: Ball
3-0: Called Strike
3-1: Foul Ball, location: 2F
3-2: Base on Balls
Batting: LHB Devan Clark 0-0: Ball
1-0: Foul Ball, location: 2F
1-1: Foul Ball, location: 2F
1-2: Ball
2-2: Ball
3-2: Base on Balls
Mason Douglass to second
Batting: RHB Bryan Steed 0-0: Ball
1-0: Ground out 1-3 (Groundball, 34S, EV 75.0 MPH)
Top of the 1st over - 0 runs, 0 hits, 0 errors, 2 left on base; New York 0 - Ottawa 0
BOTTOM OF THE 1ST
Ottawa Beavers batting - Pitching for New York Comets : RHP Mitchell Jordan
Pitching: RHP Mitchell Jordan
Batting: SHB Darren Clark 0-0: Ball
1-0: Ball
2-0: SINGLE (Groundball, 34S, EV 66.9 MPH) (infield hit)
Batting: RHB Jaboree Kafengauz 0-0: Foul Ball, location: 2F
0-1: Ball
1-1: SINGLE (Line Drive, 78M, EV 107.5 MPH)
Darren Clark to second
Batting: LHB Cole Tester 0-0: 3-RUN HOME RUN (Flyball, 78XD, EV 108.1 MPH), Distance : 409 ft
Batting: RHB Carlos Kinney 0-0: Ground out 5-3 (Groundball, 5S, EV 86.2 MPH)
Batting: LHB Evan Dollar 0-0: Called Strike
0-1: Ball
1-1: Swinging Strike
1-2: Ball
2-2: Foul Ball, location: 2F
2-2: Fly out, F5 (Popup, 5, EV 84.4 MPH)
Batting: RHB Gavin Wright 0-0: Ground out 6-3 (Groundball, 6, EV 84.4 MPH)
Bottom of the 1st over - 3 runs, 3 hits, 0 errors, 0 left on base; New York 0 - Ottawa 3
TOP OF THE 2ND
New York Comets batting - Pitching for Ottawa Beavers : RHP Sidney Veisflog
Batting: RHB William Adkins 0-0: Swinging Strike
0-1: Swinging Strike
0-2: Ball
1-2: Ground out 6-3 (Groundball, 6D, EV 81.9 MPH)
Batting: RHB Josh Swann 0-0: Called Strike
0-1: Foul Ball, location: 2F
0-2: DOUBLE (Flyball, 78D, EV 106.2 MPH)
Batting: SHB Lindsay Einaudi 0-0: Called Strike
Balk!
Josh Swann to third
0-1: Swinging Strike
0-2: Strikes out swinging
Batting: RHB Lucas Elizalde 0-0: Called Strike
0-1: Foul Ball, location: 2F
0-2: Reached on error, E5 (Groundball, 56, EV 82.5 MPH)
Josh Swann scores
Batting: SHB Drake Stock 0-0: Called Strike
0-1: Ball
1-1: Swinging Strike
1-2: Strikes out swinging
Top of the 2nd over - 1 run, 1 hit, 1 error, 1 left on base; New York 1 - Ottawa 3
BOTTOM OF THE 2ND
Ottawa Beavers batting - Pitching for New York Comets : RHP Mitchell Jordan
Batting: RHB Taylor Allison 0-0: Called Strike
0-1: Ball
1-1: SINGLE (Groundball, 4MS, EV 85.0 MPH) (infield hit)
Batting: RHB Omari Stubbs 0-0: Ball
1-0: Called Strike
1-1: Foul Ball, location: 2F
1-2: Foul Ball, location: 2F
1-2: Foul Ball, location: 2F
1-2: Foul Ball, location: 2F
1-2: Strikes out swinging
Batting: RHB Erick Hartman 0-0: Fly out, F8 (Flyball, 89S, EV 73.1 MPH)
Batting: SHB Darren Clark 0-0: Called Strike
0-1: Foul Ball, location: 2F
0-2: Fly out, F7 (Flyball, 7, EV 93.8 MPH)
Bottom of the 2nd over - 0 runs, 1 hit, 0 errors, 1 left on base; New York 1 - Ottawa 3
TOP OF THE 3RD
New York Comets batting - Pitching for Ottawa Beavers : RHP Sidney Veisflog
Batting: LHB Morgan Buga 0-0: Ball
1-0: Swinging Strike
1-1: Swinging Strike
1-2: Hit by Pitch
Batting: RHB Mason Douglass 0-0: Called Strike
0-1: Ball
1-1: Foul Ball, location: 2F
1-2: Strikes out swinging
Batting: LHB Devan Clark 0-0: Fielders Choice at 2nd, 4-6 (Groundball, 4, EV 87.5 MPH)
Batting: RHB Bryan Steed 0-0: Called Strike
0-1: Called Strike
0-2: Foul Ball, location: 2F
0-2: Ball
1-2: Strikes out looking
Top of the 3rd over - 0 runs, 0 hits, 0 errors, 1 left on base; New York 1 - Ottawa 3
BOTTOM OF THE 3RD
Ottawa Beavers batting - Pitching for New York Comets : RHP Mitchell Jordan
Batting: RHB Jaboree Kafengauz 0-0: Ball
1-0: Foul Ball, location: 2F
1-1: Ball
2-1: Ball
3-1: SINGLE (Line Drive, 56D, EV 98.8 MPH)
Batting: LHB Cole Tester 0-0: SINGLE (Line Drive, 7LS, EV 98.8 MPH)
Jaboree Kafengauz to second
Batting: RHB Carlos Kinney 0-0: Foul Ball, location: 2F
0-1: Ball
1-1: Ball
2-1: Foul Ball, location: 2F
2-2: Fly out, F8 (Flyball, 8LXD, EV 93.8 MPH)
Runner from 2nd tags up, SAFE at 3rd, no throw by CF
Batting: LHB Evan Dollar 0-0: Ground out 6-3 (Groundball, 6MS, EV 93.8 MPH)
Jaboree Kafengauz scores
Cole Tester to second
Batting: RHB Gavin Wright 0-0: Called Strike
0-1: Fly out, F8 (Flyball, 8RS, EV 78.1 MPH)
Bottom of the 3rd over - 1 run, 2 hits, 0 errors, 1 left on base; New York 1 - Ottawa 4
TOP OF THE 4TH
New York Comets batting - Pitching for Ottawa Beavers : RHP Sidney Veisflog
Batting: RHB William Adkins 0-0: Swinging Strike
0-1: Fly out, F9 (Flyball, 9D, EV 105.6 MPH)
Batting: RHB Josh Swann 0-0: Ball
1-0: Fly out, F4 (Popup, 34, EV 62.5 MPH)
Batting: SHB Lindsay Einaudi 0-0: Ball
1-0: Swinging Strike
1-1: Ball
2-1: Foul Ball, location: 2F
2-2: Fly out, F7 (Flyball, 7S, EV 81.2 MPH)
Top of the 4th over - 0 runs, 0 hits, 0 errors, 0 left on base; New York 1 - Ottawa 4
BOTTOM OF THE 4TH
Ottawa Beavers batting - Pitching for New York Comets : RHP Mitchell Jordan
Batting: RHB Taylor Allison 0-0: Ball
1-0: SINGLE (Flyball, 5D, EV 95.6 MPH)
Batting: RHB Omari Stubbs 0-0: Ball
1-0: Called Strike
1-1: Called Strike
1-2: Ball
2-2: Foul Ball, location: 2F
2-2: Strikes out swinging
Batting: RHB Erick Hartman 0-0: SINGLE (Line Drive, 4MD, EV 101.2 MPH)
Taylor Allison to second
Batting: SHB Darren Clark 0-0: Ball
1-0: Ball
2-0: Fly out, F9 (Line Drive, 9, EV 96.9 MPH)
Runner from 2nd tags up, SAFE at 3rd with throw by RF
Batting: RHB Jaboree Kafengauz 0-0: Foul Ball, location: 2F
0-1: Foul Ball, location: 2F
0-2: Ball
1-2: Foul Ball, location: 2F
1-2: Foul Ball, location: 2F
1-2: Foul Ball, location: 2F
1-2: Ball
2-2: Fly out, F3 (Popup, 3, EV 77.5 MPH)
Bottom of the 4th over - 0 runs, 2 hits, 0 errors, 2 left on base; New York 1 - Ottawa 4
TOP OF THE 5TH
New York Comets batting - Pitching for Ottawa Beavers : RHP Sidney Veisflog
Batting: RHB Lucas Elizalde 0-0: Called Strike
0-1: Called Strike
0-2: Ball
1-2: Strikes out swinging passed ball, reaches first!
Batting: SHB Drake Stock 0-0: Ball
1-0: Ball
2-0: Sac Bunt to 5S - play at first, batter OUT! 5-3
Lucas Elizalde to second
Batting: LHB Morgan Buga 0-0: Foul Ball, location: 2F
0-1: Called Strike
0-2: Ground out U3 (Groundball, 3L, EV 85.6 MPH)
Lucas Elizalde to third
Batting: RHB Mason Douglass 0-0: Ball
1-0: Ball
2-0: Ground out 6-3 (Groundball, 6, EV 109.4 MPH)
Top of the 5th over - 0 runs, 0 hits, 0 errors, 1 left on base; New York 1 - Ottawa 4
BOTTOM OF THE 5TH
Ottawa Beavers batting - Pitching for New York Comets : RHP Mitchell Jordan
Batting: LHB Cole Tester 0-0: Ground out 4-3 (Groundball, 4, EV 82.5 MPH)
Batting: RHB Carlos Kinney 0-0: Ball
1-0: SINGLE (Groundball, 6M, EV 86.9 MPH) (infield hit)
Batting: LHB Evan Dollar 0-0: Fly out, F8 (Flyball, 8RM, EV 96.2 MPH)
Batting: RHB Gavin Wright 0-0: Ball
Carlos Kinney steals 2nd base
1-0: Foul Ball, location: 2F
1-1: Swinging Strike
1-2: Strikes out looking
Bottom of the 5th over - 0 runs, 1 hit, 0 errors, 1 left on base; New York 1 - Ottawa 4
TOP OF THE 6TH
New York Comets batting - Pitching for Ottawa Beavers : RHP Sidney Veisflog
Batting: LHB Devan Clark 0-0: Called Strike
0-1: Ground out 4-3 (Groundball, 34, EV 83.1 MPH)
Batting: RHB Bryan Steed 0-0: Ball
1-0: Called Strike
1-1: Called Strike
1-2: Fly out, F8 (Line Drive, 8LD, EV 108.1 MPH)
Batting: RHB William Adkins 0-0: Called Strike
0-1: Fly out, F6 (Popup, 6, EV 56.9 MPH)
Top of the 6th over - 0 runs, 0 hits, 0 errors, 0 left on base; New York 1 - Ottawa 4
BOTTOM OF THE 6TH
Ottawa Beavers batting - Pitching for New York Comets : RHP Mitchell Jordan
Batting: RHB Taylor Allison 0-0: Ball
1-0: Called Strike
1-1: Foul Ball, location: 2F
1-2: Ball
2-2: Strikes out swinging
Batting: RHB Omari Stubbs 0-0: Called Strike
0-1: Swinging Strike
0-2: Foul Ball, location: 2F
0-2: Foul Ball, location: 2F
0-2: Ball
1-2: Ball
2-2: Strikes out looking
Batting: RHB Erick Hartman 0-0: Ball
1-0: Swinging Strike
1-1: Ground out 6-3 (Groundball, 6, EV 82.5 MPH)
Bottom of the 6th over - 0 runs, 0 hits, 0 errors, 0 left on base; New York 1 - Ottawa 4
TOP OF THE 7TH
New York Comets batting - Pitching for Ottawa Beavers : RHP Sidney Veisflog
Batting: RHB Josh Swann 0-0: Fly out, F9 (Flyball, 9D, EV 102.5 MPH)
Batting: SHB Lindsay Einaudi 0-0: Ball
1-0: Foul Ball, location: 2F
1-1: Swinging Strike
1-2: Foul Ball, location: 2F
1-2: DOUBLE (Line Drive, 78D, EV 106.2 MPH)
Batting: RHB Lucas Elizalde 0-0: Foul Ball, location: 2F
0-1: Called Strike
0-2: Strikes out looking
Batting: SHB Drake Stock 0-0: Called Strike
0-1: Called Strike
0-2: Foul Ball, location: 2F
0-2: Ball
1-2: Ball
2-2: Foul Ball, location: 2F
2-2: Strikes out looking
Top of the 7th over - 0 runs, 1 hit, 0 errors, 1 left on base; New York 1 - Ottawa 4
BOTTOM OF THE 7TH
Ottawa Beavers batting - Pitching for New York Comets : RHP Mitchell Jordan
Batting: SHB Darren Clark 0-0: SINGLE (Groundball, 4MD, EV 105.0 MPH)
Batting: RHB Jaboree Kafengauz 0-0: Ball
1-0: Bunted foul
1-1: Ball
2-1: Sac Bunt to 15S - play at first, batter OUT! 1-3
Darren Clark to second
Batting: LHB Cole Tester 0-0: Foul Ball, location: 2F
0-1: Ground out U3 (Groundball, 3, EV 103.8 MPH)
Darren Clark to third
Batting: RHB Carlos Kinney 0-0: Called Strike
0-1: Swinging Strike
0-2: Hit by Pitch
Batting: LHB Evan Dollar 0-0: Ball
1-0: Called Strike
1-1: Swinging Strike
1-2: Fly out, F7 (Flyball, 78M, EV 97.5 MPH)
Bottom of the 7th over - 0 runs, 1 hit, 0 errors, 2 left on base; New York 1 - Ottawa 4
TOP OF THE 8TH
New York Comets batting - Pitching for Ottawa Beavers : RHP Sidney Veisflog
Batting: LHB Morgan Buga 0-0: Ball
1-0: Swinging Strike
1-1: Ball
2-1: Foul Ball, location: 2F
2-2: Ball
3-2: SOLO HOME RUN (Flyball, 9D, EV 96.9 MPH), Distance : 364 ft
Batting: RHB Mason Douglass 0-0: Ball
1-0: Called Strike
1-1: Fly out, F8 (Line Drive, 78M, EV 96.2 MPH)
Batting: LHB Devan Clark 0-0: Ball
1-0: Swinging Strike
1-1: Ball
2-1: Ball
3-1: Base on Balls
Pitching: RHP Eddie Bollenbach
Batting: RHB Bryan Steed 0-0: Called Strike
0-1: Ball
1-1: Ball
2-1: Foul Ball, location: 2F
2-2: Ball
3-2: Strikes out swinging
Batting: RHB William Adkins 0-0: Ball
1-0: Ball
2-0: Ball
3-0: Called Strike
3-1: Swinging Strike
3-2: Foul Ball, location: 2F
3-2: Strikes out swinging
Top of the 8th over - 1 run, 1 hit, 0 errors, 1 left on base; New York 2 - Ottawa 4
BOTTOM OF THE 8TH
Ottawa Beavers batting - Pitching for New York Comets : RHP Mitchell Jordan
Pitching: RHP Jay Hastings
Batting: RHB Gavin Wright 0-0: Ball
1-0: Ball
2-0: Called Strike
2-1: Ball
3-1: Called Strike
3-2: Fly out, F4 (Line Drive, 4M, EV 70.6 MPH)
Batting: RHB Taylor Allison 0-0: Called Strike
0-1: Ground out 1-3 (Groundball, P, EV 71.9 MPH)
Batting: RHB Omari Stubbs 0-0: Ball
1-0: Called Strike
1-1: Foul Ball, location: 2F
1-2: Fly out, F7 (Flyball, 78S, EV 96.2 MPH)
Bottom of the 8th over - 0 runs, 0 hits, 0 errors, 0 left on base; New York 2 - Ottawa 4
TOP OF THE 9TH
New York Comets batting - Pitching for Ottawa Beavers : RHP Eddie Bollenbach
Now in LF: Dennis Daley
Batting: RHB Josh Swann 0-0: Ground out 4-3 (Groundball, 4, EV 87.5 MPH)
Batting: SHB Lindsay Einaudi 0-0: Foul Ball, location: 2F
0-1: Foul Ball, location: 2F
0-2: Foul Ball, location: 2F
0-2: Foul Ball, location: 2F
0-2: Strikes out swinging
Pinch Hitting: LHB Dalton Pappalardo 0-0: Ball
1-0: Ball
2-0: Ball
3-0: Called Strike
3-1: Base on Balls
Batting: SHB Drake Stock 0-0: Swinging Strike
0-1: Foul Ball, location: 2F
0-2: Ball
1-2: Ball
2-2: Foul Ball, location: 2F
2-2: Ball
3-2: Foul Ball, location: 2F
3-2: Foul Ball, location: 2F
3-2: Strikes out swinging
Top of the 9th over - 0 runs, 0 hits, 0 errors, 1 left on base; New York 2 - Ottawa 4
Monday, March 25th , 2024 - OOTP Baseball 23.10 Build 110